 Dungeon Crawl Stone Soup version 0.31.0-11-ge490571c62 (webtiles) character file.

Game seed: 537940110048673506

17647 browni3141 the Cleaver (level 12, -2/106 (108) HPs)
             Began as a Minotaur Fighter on Jan 28, 2024.
             Was the Champion of Okawaru.
             Slain by a cane toad (14 damage)
             ... on level 2 of the Lair of Beasts.
             The game lasted 00:06:55 (12071 turns).

browni3141 the Cleaver (Minotaur Fighter)          Turns: 12071, Time: 00:06:55

HP:   -2/106 (108)  AC: 21    Str: 25    XL:     12   Next: 20%
MP:   15/15         EV:  7    Int:  5    God:    Okawaru [******]
Gold: 684           SH:  6    Dex: 11    Spells: 11/11 levels left

rFire   + + +        a - +0 war axe (venom)
rCold   + . .        c - +0 buckler
rNeg    . . .        P - +4 plate armour {rF+}
rPois   .            (helmet restricted)
rElec   .            R - scarf {rC+ rF+}
rCorr   .            (no gloves)
SInv    .            p - +1 pair of boots
Will    +....        l - amulet of faith Stlth
                     u - ring of willpower
HPRegen 0.37/turn    t - ring of protection from fire
MPRegen 0.14/turn

%: faith
@: lightly drained
A: horns 2, retaliatory headbutt
a: Renounce Religion, Heroism, Finesse, Duel, Receive Weapon, Receive Armour


You were on level 2 of the Lair of Beasts.
You worshipped Okawaru.
Okawaru was exalted by your worship.
You visited 3 branches of the dungeon, and saw 13 of its levels.

You collected 759 gold pieces.
You spent 75 gold pieces at shops.

Inventory:

Hand Weapons
 a - a +0 war axe of venom (weapon)
Missiles
 f - 4 boomerangs (quivered)
 H - a curare-tipped dart
 T - 2 javelins
Armour
 b - a +0 scale mail
 c - a +0 buckler (worn)
 p - a +1 pair of boots (worn)
 q - a +0 cloak
 r - a +2 chain mail of fire resistance
 P - a +4 plate armour of fire resistance (worn)
 R - a scarf of resistance (worn)
Jewellery
 j - a ring of protection from cold
 l - an amulet of faith (around neck)
 t - a ring of protection from fire (right hand)
 u - a ring of willpower (left hand)
 K - the ring "Ibrotabb" {rPois Int+6 Dex+6}
   (You took it off an orc priest on level 9 of the Dungeon)

   [ring of intelligence]

   Int+6:     It affects your intelligence (+6).
   Dex+6:     It affects your dexterity (+6).
   rPois:     It protects you from poison
 M - a ring of positive energy
 N - a ring of protection from fire
Wands
 x - a wand of flame (53)
 L - a wand of mindburst (9)
Scrolls
 e - a scroll of fog
 g - 3 scrolls of teleportation
 i - 5 scrolls of noise
 o - a scroll of brand weapon
 s - 3 scrolls of enchant armour
 y - a scroll of silence
 A - a scroll of torment
 B - 4 scrolls of amnesia
 C - 2 scrolls of blinking
 G - 2 scrolls of poison
 I - 2 scrolls of vulnerability
 J - 3 scrolls of revelation
 O - a scroll of enchant weapon {unknown}
 S - a scroll of identify
Potions
 d - 4 potions of might
 h - a potion of berserk rage
 k - 4 potions of mutation
 m - a potion of enlightenment
 n - 2 potions of curing
 v - a potion of degeneration
 w - 2 potions of heal wounds {unknown}
 z - 4 potions of brilliance {unknown}
 D - a potion of attraction {unknown}
 E - a potion of cancellation {unknown}
 F - 4 potions of lignification {unknown}
Miscellaneous
 Q - a phial of floods (inert)


   Skills:
 + Level 10.6 Fighting
 * Level 13.8 Axes
 + Level 6.3 Throwing
 + Level 10.4 Armour
 + Level 10.4 Shields
 + Level 6.0 Invocations


You had 11 spell levels left.
You didn't know any spells.
Your spell library contained the following spells:

 Spells                   Type           Power      Damage    Failure   Level
 Slow                     Hex            0%         N/A       99%         1
 Confusing Touch          Hex            0%         N/A       100%        3
 Sigil of Binding         Hex            0%         N/A       100%        3
 Vampiric Draining        Necr           0%         2d6       100%        3
 Ignite Poison            Fire/Alch      0%         N/A       100%        4
 Olgreb's Toxic Radiance  Alch           0%         N/A       100%        4
 Sticky Flame             Fire/Alch      0%         2d4       100%        4
 Ozocubu's Refrigeration  Ice            0%         4d7       100%        7
 Discord                  Hex            0%         N/A       100%        8
 Ignition                 Fire           0%         3d3       100%        8


Dungeon Overview and Level Annotations

Branches:
Dungeon (10/15)            Temple (1/1) D:6            Lair (2/5) D:10
 Spider (0/4) Lair:2          Orc (0/2) D:10
  Swamp: Lair:2-3    Shoals: Lair:2-3

Altars:
Ashenzari
Cheibriados
Dithmenos
Elyvilon
Fedhas
Gozag
Hepliaklqana
Kikubaaqudgha
Makhleb
Nemelex Xobeh
Okawaru
Qazlal
Ru
Sif Muna
Trog
Uskayaw
Vehumet
Wu Jian
Xom
Yredelemnul
Zin
The Shining One

Shops:
D:7 =   D:9 *


Innate Abilities, Weirdness & Mutations

You have a pair of horns on your head.
You reflexively headbutt those who attack you in melee.


Message History

The hell rat bites you.
You closely miss the hell rat.
The hell rat roars deafeningly!
You headbutt the hell rat, but do no damage.
The hell rat is severely wounded.
You hit the hell rat but do no damage.
The hell rat is poisoned.
You feel sick. The hell rat barely misses you. You furiously retaliate!
You headbutt the hell rat! You closely miss the hell rat.
The hell rat is almost dead.
You hit the hell rat but do no damage.
You feel sick.
A tarantella comes into view.
The hell rat bites you but does no damage.
You block the hell rat's attack.
You barely miss the hell rat.
The hell rat is almost dead.
The tarantella's many legs skitter faintly.
You hit the hell rat but do no damage.
The hell rat looks as sick as possible!
The hell rat barely misses you. You block the hell rat's attack.
The cane toad croaks.
You slash the hell rat!
You kill the hell rat!
Okawaru accepts your kill.
You barely miss the hell rat.
You feel sick.
You are no longer poisoned.
You block the hell rat's attack.
You enter the shallow water.
Moving in this stuff is going to be slow.
The hell rat attacks as it pursues you!
The hell rat splashes around in the water.
The hell rat attacks as it pursues you! The hell rat completely misses you.
You furiously retaliate!
You headbutt the hell rat.
You kill the hell rat!
Okawaru accepts your kill.
The hell rat bites you but does no damage.
Aiming: Throw Flame
Press: ? - help, Shift-Dir - straight line, f - hell rat
Aim: a hell rat (68% to hit)
The puff of flame hits the hell rat.
The hell rat is moderately wounded.
The hell rat is engulfed in a cloud of scalding steam.
Aim the phial where?
Press: ? - help, Shift-Dir - straight line, f - tarantella, p - hell rat
Aim: a tarantella (57% to hit)
The torrent of water hits the tarantella.
The tarantella is lightly wounded.
The tarantella is knocked back by the torrent of water.
The tarantella is engulfed in water.
The wave splashes down.
Splash!
You fall into the shallow water.
Moving in this stuff is going to be slow.
The hell rat is engulfed in water.
You hear a howl! x2; You hear an angry hiss.
You hear a howl! x4
You hear a skittering sound.
You hear a howl! x2; You hear a shout!
The hell rat is engulfed in a cloud of scalding steam.
The hell rat barely misses you.
Your unstable footing causes you to fumble your attack.
The hell rat splashes around in the water.
You block the tarantella's attack.
The hell rat is no longer waterlogged.
The hell rat barely misses you. The cane toad barely misses you.
The hell rat splashes around in the water.
You see here a blink frog corpse.
You slash the hell rat!
You kill the hell rat!
Okawaru accepts your kill.
You slash the tarantella!
The tarantella is poisoned.
You barely miss the cane toad. You block the cane toad's attack.
You closely miss the tarantella. You headbutt the tarantella.
The tarantella is heavily wounded.
You barely miss the cane toad.
The tarantella is no longer waterlogged.
A blink frog simulacrum comes into view.
A komodo dragon comes into view.
The tarantella splashes around in the water.
The cane toad stings you!
You barely miss the tarantella.
The tarantella is severely wounded.
You completely miss the cane toad.
The komodo dragon hisses angrily.
You hit the hell rat but do no damage.
The hell rat is poisoned.
A five-headed hydra comes into view.
You block the tarantella's attack. The cane toad stings you!
The five-headed hydra roars!
You hit the tarantella.
The tarantella looks as sick as possible!
The tarantella is severely wounded.
You hit the cane toad but do no damage. You hit the hell rat but do no damage.
The hell rat looks even sicker.
The tarantella barely misses you. The hell rat bites you.
You feel drained. You block the cane toad's attack. The hell rat bites you!
You block the tarantella's attack.
You hit the tarantella but do no damage.
The tarantella looks as sick as possible!
The tarantella is severely wounded.
You slash the cane toad! You hit the hell rat.
The hell rat looks as sick as possible!
You kill the tarantella!
Okawaru accepts your kill. The cane toad stings you!
You die...

...#................. .#. .
..............##....##.. ..
........#.)............#.#
.....#..#.....~~~~~......
.....#.......l~≈##~.... .
..............~≈##≈.†#...
..............≈##≈~†.#.#...
..............≈≈Fr~........
.....#####..#...@†~......##
##..#..###..Z#.......#...#
........#P..###......##....
#.#####.#..####............
#.# #.##...............>.
### #.##.####....D....... #
###### #.P....#.... #
#.##...#...# ###........


You could see a five-headed hydra, a komodo dragon, a cane toad, a hell rat
(extremely poisoned) and a blink frog simulacrum.

Vanquished Creatures
  2 two-headed ogres
  A skyshark (Lair:1)
  A pharaoh ant (Lair:2)
  An ugly thing (D:10)
  4 elephants (Lair:1)
  An ice statue (D:10)
  A black mamba (Lair:2)
  6 cane toads
  Maggie (D:6)
  2 komodo dragons (Lair:1)
  3 trolls
  A tarantella (Lair:2)
  5 blink frogs (Lair:2)
  Sigmund (D:5)
  A shadow (D:10)
  23 yaks
  Eustachio (D:6)
  2 basilisks (Lair:1)
  A redback (Lair:2)
  A steam dragon (D:8)
  An acid dragon (D:10)
  5 water moccasins
  5 orc warriors
  An ice beast (D:7)
  A black bear (D:7)
  An ogre (D:6)
  2 wolves (D:10)
  5 centaurs
  A phantom (D:4)
  Blork the orc (D:6)
  3 kobold brigands
  6 bullfrogs
  4 scorpions
  A gnoll sergeant (D:7)
  6 wights (D:7)
  2 electric eels (D:10)
  A howler monkey (D:9)
  A bombardier beetle (D:5)
  2 jellies
  14 hounds
  4 orc priests
  2 iguanas
  3 iron imps (D:3)
  Jessica (D:3)
  Terence (D:3)
  3 hell rats (Lair:2)
  6 orc wizards
  Robin (D:3)
  9 adders
  6 gnolls
  3 white imps
  2 dart slugs
  A ribbon worm (D:2)
  20 orcs
  8 ball pythons
  8 bats
  7 endoplasms
  A giant cockroach (D:2)
  19 goblins
  5 hobgoblins
  11 jackals
  21 kobolds
  2 quokkas
  A frilled lizard (D:1)
  2 rats (D:1)
269 creatures vanquished.

Notes
Turn   | Place    | Note
-------+----------+-------------------------------------------
     0 | D:1      | browni3141 the Minotaur Fighter began the quest for the
                  | Orb.
     0 | D:1      | Reached XP level 1. HP: 19/19 MP: 0/0
   318 | D:1      | Reached XP level 2. HP: 26/27 MP: 1/1
   400 | D:1      | Reached skill level 3 in Axes
   637 | D:1      | Reached XP level 3. HP: 32/33 MP: 2/2
  1230 | D:2      | Reached XP level 4. HP: 38/40 MP: 3/3
  1532 | D:3      | Noticed Robin
  1539 | D:3      | Killed Robin
  1544 | D:3      | Reached skill level 4 in Axes
  1682 | D:3      | Noticed Jessica
  1689 | D:3      | Killed Jessica
  1691 | D:3      | Found a burning altar of Makhleb.
  1707 | D:3      | Reached XP level 5. HP: 25/47 MP: 4/4
  2104 | D:3      | Noticed Terence
  2110 | D:3      | Killed Terence
  2111 | D:3      | Reached skill level 5 in Axes
  2743 | D:4      | Reached skill level 5 in Fighting
  2743 | D:4      | Reached XP level 6. HP: 53/56 MP: 5/5
  2763 | D:4      | Reached skill level 5 in Armour
  2763 | D:4      | Reached skill level 5 in Shields
  3318 | D:4      | Reached skill level 6 in Axes
  3318 | D:4      | Reached XP level 7. HP: 61/61 MP: 6/6
  3469 | D:5      | Entered Level 5 of the Dungeon
  3862 | D:5      | Noticed Sigmund
  3880 | D:5      | Killed Sigmund
  3881 | D:5      | Reached skill level 7 in Axes
  4064 | D:6      | Reached XP level 8. HP: 70/70 MP: 7/7
  4120 | D:6      | Noticed Maggie
  4123 | D:6      | Found a staircase to the Ecumenical Temple.
  4138 | D:6      | Killed Maggie
  4139 | D:6      | Reached skill level 8 in Axes
  4147 | Temple   | Entered the Ecumenical Temple
  4153 | Temple   | Became a worshipper of Warmaster Okawaru
  4429 | D:6      | Noticed Blork the orc
  4440 | D:6      | Killed Blork the orc
  4530 | D:6      | Noticed Eustachio
  4536 | D:6      | Reached skill level 9 in Axes
  4551 | D:6      | Killed Eustachio
  4551 | D:6      | Reached * piety under Okawaru
  4552 | D:6      | Reached XP level 9. HP: 57/79 MP: 8/8
  5438 | D:7      | Found Xosiyvaxt's One-of-a-Kind Rings.
  5518 | D:7      | Reached skill level 1 in Throwing
  5518 | D:7      | Reached skill level 1 in Invocations
  5518 | D:7      | Reached ** piety under Okawaru
  5757 | D:7      | Found an opulent altar of Gozag.
  6104 | D:8      | Reached skill level 10 in Axes
  6241 | D:8      | Reached *** piety under Okawaru
  6615 | D:8      | Reached **** piety under Okawaru
  6616 | D:8      | Reached XP level 10. HP: 41/88 MP: 11/11
  6822 | D:8      | Found a sparkling altar of Nemelex Xobeh.
  6954 | D:8      | Noticed a two-headed ogre
  6963 | D:8      | Killed a two-headed ogre
  6964 | D:8      | Reached skill level 11 in Axes
  7469 | D:9      | Reached ***** piety under Okawaru
  7751 | D:9      | Found Varot's General Store.
  7758 | D:9      | Bought a scroll of revelation for 75 gold pieces
  7792 | D:9      | Noticed a two-headed ogre
  7797 | D:9      | Identified the ring "Ibrotabb" {rPois Int+6 Dex+6}
  7800 | D:9      | Killed a two-headed ogre
  7800 | D:9      | Received a gift from Okawaru
  8208 | D:9      | Reached skill level 12 in Axes
  8418 | D:10     | Entered Level 10 of the Dungeon
  8481 | D:10     | Noticed a red ugly thing
  8493 | D:10     | Killed a red ugly thing
  8494 | D:10     | Reached XP level 11. HP: 66/97 MP: 10/13
  8580 | D:10     | Found a staircase to the Orcish Mines.
  8640 | D:10     | Found a broken altar of Ashenzari.
  9102 | D:10     | Reached skill level 5 in Throwing
  9318 | D:10     | Found a staircase to the Lair.
 10064 | D:10     | Received a gift from Okawaru
 10065 | D:10     | Reached skill level 5 in Invocations
 10357 | Lair:1   | Entered Level 1 of the Lair of Beasts
 10376 | Lair:1   | Noticed a skyshark
 10392 | Lair:1   | Killed a skyshark
 10811 | Lair:1   | Reached skill level 10 in Fighting
 10817 | Lair:1   | Reached skill level 13 in Axes
 11042 | Lair:1   | Reached skill level 10 in Armour
 11058 | Lair:1   | Reached skill level 10 in Shields
 11930 | Lair:2   | Received a gift from Okawaru
 11990 | Lair:2   | Noticed a pharaoh ant
 11991 | Lair:2   | Found a hole to the Spider Nest.
 12010 | Lair:2   | Killed a pharaoh ant
 12011 | Lair:2   | Reached XP level 12. HP: 44/107 MP: 13/15
 12048 | Lair:2   | Reached ****** piety under Okawaru
 12069 | Lair:2   | Noticed a five-headed hydra
 12071 | Lair:2   | Slain by a cane toad

Illustrated notes

Levels and vault maps discovered:
D:1:      matt_arrival_grand_opening, layout_basic
D:2:      minmay_general_purpose_star, layout_basic
D:3:      layout_basic, demons_altar, uniq_jessica, uniq_terence, uniq_robin
D:4:      corexii_shack_village, layout_loops_ring
D:5:      layout_rooms, uniq_sigmund
D:6:      layout_gridville, temple_statues, uniq_blork_the_orc, uniq_maggie,
          uniq_eustachio
D:7:      layout_rooms, grunt_gozag_breadcrumbs, nicolae_shop_unique_rings
D:8:      layout_loops_corners, mainiacjoe_overflow_paths
D:9:      layout_loops_cross, serial_shops, shop
D:10:     layout_roguey, cheibrodos_ashenzari_chains, erik_lair_island,
          orc_0_dummy, minivault_15
Temple:   eino_narrow_crystal_temple
Lair:1:   layout_regular_city, infiniplex_staircase_pool_2
Lair:2:   layout_gridlike, elwin_shoals_entry_rooms,
          nicolae_spider_entry_lesser_pyramids, st_stairs_8,
          chequers_serial_rivers_small_b, chequers_serial_rivers_micro_a,
          nicolae_lair_run_with_the_wolves, uniq_nergalle

Skill      XL: |  1  2  3  4  5  6  7  8  9 10 11 12 |
---------------+-------------------------------------+-----
Axes           | 3 4 5 6 7 9 10 12 13 | 13.8
Fighting       | 4 5 6 7 8 9 10 | 10.6
Shields        | 4 5 6 7 8 9 10 | 10.4
Armour         | 4 5 6 7 8 9 10 | 10.4
Throwing       | 2 4 6 |  6.3
Invocations    | 2 4 5 6 |  6.0

Action                     |  1- 3 |  4- 6 |  7- 9 | 10-12 || total
---------------------------+-------+-------+-------+-------++-------
  Melee: War axe           |    68 |   123 |   244 |   381 ||   816
         Headbutt          |     6 |    19 |    51 |    76 ||   152
  Throw: Boomerang         |       |       |       |     4 ||     4
 Invoke: Heroism           |       |       |       |     8 ||     8
  Evoke: Wand              |       |       |       |     3 ||     3
         Phial of floods   |       |       |       |     1 ||     1
    Use: Scroll            |       |     8 |     3 |     7 ||    18
         Potion            |       |       |     1 |     3 ||     4
 Armour: Scale mail        |    46 |    45 |       |       ||    91
         Chain mail        |       |    46 |   224 |   240 ||   510
         Plate armour      |       |       |       |   128 ||   128
  Dodge: Dodged            |    45 |    53 |    86 |   129 ||   313
  Block: Buckler           |    30 |    27 |    51 |   131 ||   239
